 Dungeon Crawl Stone Soup version 0.30.1-11-g7821555f0a (webtiles) character file.

Game seed: 13717233227838668508

2622 bnorton916 the Vexing (level 9, -7/45 HPs)
             Began as a Deep Elf Conjurer on Dec 11, 2023.
             Was an Initiate of Gozag.
             Mangled by a death yak (27 damage)
             ... on level 7 of the Dungeon.
             The game lasted 00:18:52 (10634 turns).

bnorton916 the Vexing (Deep Elf Conjurer)          Turns: 10634, Time: 00:18:55

Health: -7/45      AC:  4    Str:  6    XL:     9   Next: 34%
Magic:  2/22       EV: 12    Int: 26    God:    Gozag
Gold:   357        SH:  0    Dex: 13    Spells: 8/22 levels left

rFire   . . .        h - +2 spear (venom)
rCold   . . .        (no shield)
rNeg    . . .        a - +0 robe
rPois   .            m - +0 helmet
rElec   .            A - +0 cloak
rCorr   .            (no gloves)
SInv    .            (no boots)
Will    .....        (no amulet)
Stlth   ++           (no ring)
HPRegen 0.27/turn    (no ring)
MPRegen 0.18/turn

%: no passive effects
@: very slightly contaminated
A: no striking features
a: Renounce Religion, Potion Petition, Call Merchant, Bribe Branch


You were on level 7 of the Dungeon.
You worshipped Gozag.
Gozag was aware of your devotion.
You visited 2 branches of the dungeon, and saw 9 of its levels.

You collected 1815 gold pieces.
You spent 1408 gold pieces at shops.
You paid 50 gold pieces to Gozag.

Inventory:

Hand Weapons
 h - a +2 spear of venom (weapon)
 o - a +4 whip
Missiles
 u - 5 poisoned darts
Armour
 a - a +0 robe (worn)
 i - the quicksilver dragon scales "Folyugg" {Will+ Int+3}
   (You bought it in a shop on level 4 of the Dungeon)

   Int:       It affects your intelligence (+3).
   Will:      It increases your willpower.
 m - a +0 helmet (worn)
 x - +0 acid dragon scales
 A - a +0 cloak (worn)
Scrolls
 c - 2 scrolls of identify
 d - 4 scrolls of teleportation
 e - a scroll of enchant armour {unknown}
 k - a scroll of noise {unknown}
 q - a scroll of enchant weapon
 s - a scroll of magic mapping {unknown}
 t - a scroll of fog
 w - a scroll of vulnerability
 y - a scroll of immolation {unknown}
 B - a scroll of torment {unknown}
 C - a scroll of summoning
Potions
 b - a potion of magic
 f - 2 potions of invisibility
 g - 2 potions of ambrosia {unknown}
 j - 2 potions of flight {unknown}
 l - 3 potions of mutation {unknown}
 n - a potion of brilliance {unknown}
 p - 4 potions of curing
 r - 2 potions of degeneration {unknown}
 v - 2 potions of lignification {unknown}
 z - a potion of heal wounds {unknown}
 D - a potion of berserk rage {unknown}


   Skills:
 + Level 4.8 Armour
 - Level 2.4 Dodging
 - Level 2.4 Stealth
 - Level 7.4 Spellcasting
 - Level 7.2 Conjurations
 + Level 7.7 Hexes
 + Level 6.4 Translocations


You had 8 spell levels left.
You knew the following spells:

 Your Spells              Type           Power      Damage    Failure   Level
a - Magic Dart            Conj           100%       1d8       1%          1
b - Searing Ray           Conj           94%        2d7       1%          2
c - Fulminant Prism       Conj/Hex       24%        3d12      2%          4
d - Iskenderun's Mystic   Conj/Tloc      45%        2d10      3%          4
e - Summon Guardian Gole  Hex/Summ       29%        N/A       3%          3

Your spell library contained the following spells:

 Spells                   Type           Power      Damage    Failure   Level
 Lesser Beckoning         Tloc           86%        N/A       1%          2
 Dazzling Flash           Conj/Hex       96%        N/A       1%          3
 Gell's Gravitas          Tloc           43%        N/A       1%          3
 Teleport Other           Tloc           43%        N/A       1%          3
 Summon Small Mammal      Summ           36%        N/A       6%          1
 Call Canine Familiar     Summ           9%         N/A       19%         3
 Dispersal                Tloc           21%        N/A       54%         6


Dungeon Overview and Level Annotations

Branches:
Dungeon (8/15)             Temple (1/1) D:4            Lair (0/5) D:8

Altars:
Ashenzari
Dithmenos
Elyvilon
Fedhas
Gozag
Kikubaaqudgha
Makhleb
Nemelex Xobeh
Okawaru
Qazlal
Ru
Sif Muna
Trog
Uskayaw
Vehumet
Wu Jian
Xom
Yredelemnul
Zin
The Shining One

Shops:
D:4 [   D:7 (*((

Portals:
Abyss: D:5

Annotations:
D:5 2 transporters, Skeebo's ghost, amateur DEIE
D:7 1 runed translucent door, Crazy Yiuf


Message History

HP restored.
You start resting.
Magic restored.
You climb downwards.
Level annotation: 1 runed translucent door, Crazy Yiuf The death yak gores you!!
There is a stone staircase leading up, spattered with blood here.
Unknown command.
Casting: Fulminant Prism (dangerous; 2% risk of failure)
Confirm with . or Enter, or press ? or * to list all spells.
You erupt in a blast of force!
The mystic blast hits the death yak!
The death yak is lightly wounded.
The death yak is knocked back by the mystic blast.
Unknown command.
Casting: Iskenderun's Mystic Blast (dangerous; 3% risk of failure)
Confirm with . or Enter, or press ? or * to list all spells.
You erupt in a blast of force!
The mystic blast hits the death yak!
The death yak is moderately wounded.
Unknown command.
Casting: Iskenderun's Mystic Blast (dangerous; 3% risk of failure)
Confirm with . or Enter, or press ? or * to list all spells.
You erupt in a blast of force!
The mystic blast hits the death yak.
The death yak is moderately wounded.
The death yak closely misses you.
Unknown command.
Casting: Iskenderun's Mystic Blast (dangerous; 3% risk of failure)
Confirm with . or Enter, or press ? or * to list all spells.
You erupt in a blast of force!
The mystic blast hits the death yak but does no damage.
The death yak is moderately wounded.
The death yak gores you.
Unknown command.
Casting: Iskenderun's Mystic Blast (dangerous; 3% risk of failure)
Confirm with . or Enter, or press ? or * to list all spells.
You miscast Iskenderun's Mystic Blast.
You are very lightly contaminated with residual magic.
Nothing appears to happen.
The death yak gores you!!
Ouch! That really hurt!
You die...
Your body crumbles into a pile of gold.

.##.#..........##.....)..........
....#..................)...##....
.###########+#)#.......#.[.#####.
.............#'#.......+...'...'.
..######...............#...#####.
......##...............#####...#.
#####.##.........#'#'#######...#.
.# #............#.#.##........#.
.####...........@).#.##........#.
.................Y.#+##........#.
....................[..........#.
................(.))......)..))'.
........#...##'#..........##...#.
........#...##.###........+....'.
........#...##.########...######.
........#...##.#......)...'..# #.
........#...##.#.######...##.# #.


You could see a death yak.

Vanquished Creatures
  Maggie (D:6)
  A hornet (D:8)
  A water moccasin (D:7)
  A sky beast (D:6)
  2 ogres
  3 centaurs
  3 phantoms
  A bullfrog (D:7)
  A gnoll sergeant (D:5)
  4 scorpions
  3 killer bees (D:8)
  2 howler monkeys
  A hound (D:5)
  3 orc priests (D:7)
  A sleepcap (D:6)
  4 gnoll boudas
  2 iguanas
  An orc wizard (D:7)
  Robin (D:2)
  25 gnolls
  5 adders
  A shadow imp (D:6)
  A white imp (D:5)
  An ufetubus (D:2)
  2 worms
  A dart slug (D:2)
  17 orcs
  10 ball pythons
  4 endoplasms
  A giant cockroach (D:3)
  14 goblins
  12 hobgoblins
  7 jackals
  8 kobolds
  3 quokkas
  4 bats
  3 frilled lizards
  7 rats
162 creatures vanquished.

Vanquished Creatures (others)
  15 fulminant prisms
15 creatures vanquished.

Grand Total: 177 creatures vanquished

Notes
Turn   | Place    | Note
-------+----------+-------------------------------------------
     0 | D:1      | bnorton916 the Deep Elf Conjurer began the quest for the
                  | Orb.
     0 | D:1      | Reached XP level 1. HP: 10/10 MP: 6/6
   217 | D:1      | Reached XP level 2. HP: 15/15 MP: 3/8
   738 | D:1      | Reached skill level 5 in Conjurations
   738 | D:1      | Reached XP level 3. HP: 7/19 MP: 4/10
   966 | D:1      | Learned a level 2 spell: Searing Ray
  1409 | D:2      | Reached XP level 4. HP: 24/24 MP: 9/12
  1733 | D:2      | Reached skill level 5 in Spellcasting
  1856 | D:2      | Noticed Robin
  2091 | D:2      | Killed Robin
  2768 | D:3      | Reached XP level 5. HP: 28/28 MP: 9/14
  3921 | D:4      | Found Asakhut's Antique Armour Boutique.
  4094 | D:4      | Found a staircase to the Ecumenical Temple.
  4168 | Temple   | Entered the Ecumenical Temple
  4168 | Temple   | Found a transporter.
  4168 | Temple   | Found a transporter.
  4170 | Temple   | Found a transporter.
  4170 | Temple   | Found a transporter.
  4208 | Temple   | Became a worshipper of Gozag Ym Sagoz the Greedy
  4523 | D:4      | Noticed an ogre
  4532 | D:4      | Killed an ogre
  4533 | D:4      | Reached XP level 6. HP: 32/32 MP: 9/17
  4541 | D:4      | Learned a level 4 spell: Fulminant Prism
  4546 | D:4      | Learned a level 4 spell: Iskenderun's Mystic Blast
  4875 | D:5      | Entered Level 5 of the Dungeon
  5154 | D:5      | Identified a scroll of acquirement
  5154 | D:5      | Acquired 989 gold pieces
  5222 | D:5      | Reached skill level 1 in Hexes
  5251 | D:5      | Reached skill level 1 in Translocations
  5493 | D:5      | Found a transporter.
  5509 | D:5      | Found a transporter.
  5525 | D:5      | Found a one-way gate to the infinite horrors of the Abyss.
  5525 | D:5      | Noticed Skeebo's ghost (amateur DEIE)
  5525 | D:5      | Noticed a small abomination
  5532 | D:5      | Reached XP level 7. HP: 36/36 MP: 13/19
  5547 | D:5      | Reached skill level 1 in Armour
  6500 | D:4      | Bought warped quicksilver dragon scales for 1300 gold
                  | pieces
  6500 | D:4      | Identified the quicksilver dragon scales "Folyugg" {Will+
                  | Int+3} (You bought it in a shop on level 4 of the Dungeon)
  6756 | D:6      | Found a sacrificial altar of Ru.
  6790 | D:6      | Reached XP level 8. HP: 41/41 MP: 16/21
  7122 | D:6      | Noticed Maggie
  7273 | D:6      | Killed Maggie
  7274 | D:6      | Reached skill level 5 in Hexes
  8245 | D:7      | Found Xeiwuis's Weapon Shoppe.
  8261 | D:7      | Reached skill level 5 in Translocations
  8486 | D:7      | Found Nenless's Weapon Shoppe.
  8599 | D:7      | Found a broken altar of Ashenzari.
  8640 | D:7      | Found Catepsay's Assorted Antiques.
  8651 | D:7      | Bought a scroll labelled LOXUPH TEFOPN for 27 gold pieces
  8651 | D:7      | Bought a scroll labelled LYNNEC VUEHU for 27 gold pieces
  8651 | D:7      | Bought a scroll of identify for 54 gold pieces
  8754 | D:7      | Reached XP level 9. HP: 45/45 MP: 16/22
  9258 | D:7      | Found Ugroz's Weapon Boutique.
  9974 | D:7      | Found a bloodstained altar of Trog.
 10030 | D:7      | Found a runed translucent door.
 10031 | D:7      | Noticed Crazy Yiuf
 10125 | D:8      | Paralysed by a hornet for 1 turns
 10325 | D:8      | Found a staircase to the Lair.
 10325 | D:8      | Noticed a death yak
 10327 | D:8      | Noticed a death yak
 10327 | D:8      | Noticed a death yak
 10355 | D:7      | Learned a level 3 spell: Summon Guardian Golem
 10442 | D:8      | Noticed a death yak
 10442 | D:8      | Noticed a death yak
 10634 | D:7      | Mangled by a death yak

Illustrated notes

Levels and vault maps discovered:
D:1:      lightli_molten_gateway, layout_basic, minmay_misc_feat_rows
D:2:      layout_basic, nrook_campfire, uniq_robin
D:3:      layout_basic, chequers_serial_rivers_micro_d, minmay_ruptured
D:4:      layout_basic, temple_hall, serial_shops, shop
D:5:      layout_cave_pods, gammafunk_ghost_abyssal_escape,
          chequers_serial_rivers_micro_a
D:6:      layout_basic, mainiacjoe_overflow_brackets, uniq_maggie
D:7:      layout_basic, lightli_temple_of_fire, lemuel_round_altar,
          serial_shops, shop, nicolae_square_shop, shop,
          nicolae_shop_overgrown_old_shop, uniq_crazy_yiuf_cottage
D:8:      layout_loops_ring, mainiacjoe_overflow_alcove_4, dpeg_lair_monsters
Temple:   hellmonk_temple_divided_pantheon

Skill      XL: |  1  2  3  4  5  6  7  8  9 |
---------------+----------------------------+-----
Spellcasting   | 4 5 6 7 |  7.4
Conjurations   | 5 6 7 |  7.2
Hexes          | 1 4 6 7 |  7.7
Translocations | 1 3 5 6 |  6.4
Armour         | 2 4 |  4.8
Dodging        | |  2.4
Stealth        | |  2.4

Action                     |  1- 3 |  4- 6 |  7- 9 || total
---------------------------+-------+-------+-------++-------
  Melee: Spear             |       |    38 |    52 ||    90
         Punch             |       |       |     1 ||     1
   Cast: Magic Dart        |    66 |   105 |    78 ||   249
         Searing Ray       |       |     7 |    25 ||    32
         Fulminant Prism   |       |     1 |    14 ||    15
         Iskenderun's Myst |       |       |    21 ||    21
    Use: Scroll            |       |     5 |     4 ||     9
         Potion            |       |       |     1 ||     1
   Stab: Sleeping          |       |     1 |       ||     1
 Armour: Robe              |       |     8 |     9 ||    17
  Dodge: Dodged            |     5 |    27 |    66 ||    98
